 Dungeon Crawl Stone Soup version 0.32-a0-893-gf85d74f360 (webtiles) character file.

Game seed: 11766163273019212000

62 Autsider the Firebug (level 3, 0/26 HPs)
             Began as a Mountain Dwarf Fire Elementalist on Apr 3, 2024.
             Succumbed to a crimson imp's poison
             ... on level 3 of the Dungeon.
             The game lasted 00:03:50 (2083 turns).

Autsider the Firebug (MDFE)                         Turns: 2083, Time: 00:03:51

Health: 0/26       AC:  3    Str: 10    XL:     3   Next: 85%
Magic:  2/5        EV: 10    Int: 19    God:
Gold:   67         SH:  0    Dex: 10    Spells: 2/5 levels left

rFire   . . .        o - +10 dagger of Amortisation {freeze, Int+2}
rCold   . . .        (no shield)
rNeg    . . .        a - +0 robe
rPois   .            (no helmet)
rElec   .            (no cloak)
rCorr   .            (no gloves)
SInv    .            l - +0 pair of boots
Will    .....        (no amulet)
Stlth   ++           (no ring)
HPRegen 0.24/turn    (no ring)
MPRegen 0.09/turn

%: no passive effects
@: lethally poisoned (0 -> -5), hasted, very quick
A: runic magic, artefact enchanting
a: no special abilities


You were on level 3 of the Dungeon.
You visited 1 branch of the dungeon, and saw 3 of its levels.

You collected 67 gold pieces.

Inventory:

Hand Weapons
 o - the +10 dagger of Amortisation (weapon) {freeze, Int+2}
   (You took it off a kobold on level 2 of the Dungeon)

   Int+2:     It affects your intelligence (+2).
Missiles
 f - a throwing net
 h - 3 atropa-tipped darts
Armour
 a - a +0 robe (worn)
 l - a +0 pair of boots (worn)
Scrolls
 d - 3 scrolls of identify {unknown}
 g - a scroll of poison {unknown}
 i - a scroll of blinking {unknown}
 j - a scroll of silence {unknown}
 k - 2 scrolls of fear {unknown}
 n - 2 scrolls of teleportation {unknown}
 p - 2 scrolls of immolation {unknown}
 q - a scroll of enchant armour {unknown}
Potions
 b - a potion of magic
 c - 3 potions of curing {unknown}
 e - a potion of enlightenment {unknown}
 m - 2 potions of brilliance {unknown}


   Skills:
 - Level 1.3 Dodging
 - Level 1.4 Stealth
 + Level 1.8 Spellcasting
 + Level 2.0 Conjurations
 * Level 5.2 Fire Magic


You had 2 spell levels left.
You knew the following spells:

 Your Spells              Type           Power      Damage    Failure   Level
a - Foxfire               Conj/Fire      60%        2x1d7     4%          1
b - Scorch                Fire           42%        2d6       3%          2

Your spell library contained the following spells:

 Spells                   Type           Power      Damage    Failure   Level
 Inner Flame              Hex/Fire       11%        N/A       19%         3
 Volatile Blastmotes      Fire/Tloc      22%        2d11      19%         3
 Flame Wave               Conj/Fire      15%        2d7       36%         4
 Teleport Other           Tloc           1%         N/A       45%         3
 Dispersal                Tloc           0%         N/A       100%        6
 Gell's Gavotte           Tloc           0%         2d(11-16) 100%        6


Dungeon Overview and Level Annotations

Branches:
Dungeon (3/15)

Altars:
Xom
Lugonu

Shops:
D:1 [

Annotations:
D:3 2 runed translucent doors


Innate Abilities, Weirdness & Mutations

Your spellcasting is much less encumbered by armour.
You can use scrolls of enchantment on lesser artefacts.


Message History

The endoplasm freezes you.
You are frozen.
The crimson imp enters a dispersal trap!
The endoplasm blinks!
The teleport trap disappears.
Your foxfire disappears!
The crimson imp blinks!
You blink.
A crimson imp comes into view.
The crimson imp blinks!
The endoplasm freezes you.
You are frozen.
The crimson imp hits you with a +2 dagger of chaos.
You are poisoned.
The crimson imp blinks!
Casting: Foxfire (safe; 4% risk of failure)
Confirm with . or Enter, or press ? or * to list all spells.
You conjure some foxfire!
You feel very sick. The endoplasm freezes you.
You are frozen.
* * * LOW HITPOINT WARNING * * *
The crimson imp barely misses you.
You feel sick.
The foxfire hits the crimson imp.
The crimson imp completely resists.
The foxfire hits the crimson imp but does no damage.
The endoplasm jiggles.
The endoplasm hits you.
* * * LOW HITPOINT WARNING * * *
The crimson imp closely misses you.
Casting: Foxfire (safe; 4% risk of failure)
Confirm with . or Enter, or press ? or * to list all spells.
You conjure some foxfire!
* * * LOW HITPOINT WARNING * * *
You feel sick. The endoplasm freezes you.
You are frozen.
* * * LOW HITPOINT WARNING * * *
The crimson imp hits you with a +2 dagger of chaos.
* * * LOW HITPOINT WARNING * * *
You feel yourself speed up.
You die...

#.# #.# #
###.#########
#.....<.....#
##.#####.#..######.#
.....)......#
#.####..#..#
#.#######+####
##.#.#5Jv..^.#
#...###@5.###
#.###.v..)..# #.#
####'####
####.###..ยง..v.#
#........#######
#.###..### # #..#
#..# #..#


You could see 2 crimson imps and an endoplasm.

Vanquished Creatures
  An adder (D:2)
  2 dart slugs
  2 ribbon worms (D:2)
  An orc (D:3)
  5 endoplasms
  A giant cockroach (D:2)
  5 hobgoblins
  2 jackals (D:3)
  A quokka (D:2)
  3 ball pythons
  5 bats
  3 frilled lizards
  5 goblins
  6 kobolds
  A rat (D:2)
43 creatures vanquished.

Vanquished Creatures (others)
  107 foxfires
107 creatures vanquished.

Grand Total: 150 creatures vanquished

Notes
Turn   | Place    | Note
-------+----------+-------------------------------------------
     0 | D:1      | Autsider the Mountain Dwarf Fire Elementalist began the
                  | quest for the Orb.
     0 | D:1      | Reached XP level 1. HP: 14/14 MP: 3/3
    29 | D:1      | Reached skill level 1 in Conjurations
   107 | D:1      | Reached skill level 4 in Fire Magic
   262 | D:1      | Reached XP level 2. HP: 20/20 MP: 1/4
   338 | D:1      | Learned a level 2 spell: Scorch
   476 | D:1      | Found Waexzaaf's Antique Armour Boutique.
   890 | D:2      | Reached XP level 3. HP: 26/26 MP: 2/5
  1266 | D:2      | Identified the +10 dagger of Amortisation {freeze, Int+2}
  1340 | D:2      | Found a faded altar of an unknown god.
  1545 | D:2      | Reached skill level 5 in Fire Magic
  1974 | D:3      | Found a large runed translucent door.
  1974 | D:3      | Found a large runed translucent door.
  1974 | D:3      | Found a corrupted altar of Lugonu.
  2075 | D:3      | Found a shimmering altar of Xom.
  2082 | D:3      | HP: 1/26 [crimson imp/+2 dagger of chaos (4)]
  2083 | D:3      | Succumbed to a crimson imp's poison

Illustrated notes

Levels and vault maps discovered:
D:1:      sevenhm_arrival_forest_fort_small_5, layout_rooms, serial_shops,
          nicolae_shop_behind_doors, nicolae_titane
D:2:      layout_basic, chequers_ecumenical_altar_simple_redux,
          minmay_randomly_rotated_circles
D:3:      due_chaos_kobolds, layout_loops_ring, led_xom_imps, uniq_robin

Skill      XL: |  1  2  3 |
---------------+----------+-----
Conjurations   | 1 2 |  2.0
Fire Magic     | 4 5 |  5.2
Dodging        | |  1.3
Stealth        | |  1.4
Spellcasting   | |  1.8

Action                     || total
---------------------------++-------
  Melee: Unarmed           ||     1
   Cast: Foxfire           ||    68
 Armour: Robe              ||    13
  Dodge: Dodged            ||    16

Table legend: (Time is in decaauts)
 A = Elapsed time spent in this place.
 B = Non-inter-level travel time spent in this place.
 C = Inter-level travel time spent in this place.
 D = Time resting spent in this place.
 E = Time spent auto-exploring this place.
 F = Levels seen in this place.
 G = Mean time per level.
                   A        B        C        D        E       F      G
               +--------+--------+--------+--------+--------+-----+--------+
         Total |   2085 |   1997 |     88 |     48 |   1694 |   3 |  695.0 |
       Dungeon |   2085 |   1997 |     88 |     48 |   1694 |   3 |  695.0 |
               +--------+--------+--------+--------+--------+-----+--------+

Top non-repeatable levels by time:
     D:2: 1222 daAuts
     D:1: 746 daAuts
     D:3: 116 daAuts
